 Dungeon Sprint DCSS version 0.26.1-2-gb8aa6d0cf2 (webtiles) character file.

Game seed: 1041792737241749693

18100000 Groucho the Intangible (level 27, -2/273 HPs)
             Began as a Ghoul Gladiator on Feb 14, 2021.
             Was the Champion of Makhleb.
             Slain by a tentacled monstrosity (8 damage)
             ... summoned by a tyrant
             ... while paralysed
             ... in the Dungeon (Sprint VIII: "Arena of Blood").
             The game lasted 00:12:25 (181 turns).

Groucho the Intangible (Ghoul Gladiator)             Turns: 181, Time: 00:12:26

Health: -2/273     AC:  8    Str: 22    XL:     27
Magic:  53/53      EV:  2    Int:  3    God:    Makhleb [******]
Gold:   0          SH:  0    Dex: 19    Spells: 80/80 levels left

rFire    . . .     SeeInvis .   j - +∞ Axe of Woe
rCold    + . .     Faith    .   (shield currently unavailable)
rNeg     + + +     Spirit   .   b - +0 leather armour
rPois    ∞         Reflect  .   c - +0 helmet
rElec    .         Harm     .   (no cloak)
rCorr    .         Rampage  .   (no gloves)
Will     ++...     NoTele   +   (no boots)
Stlth    ++++++++++             (no amulet)
HPRegen  0.00/turn              p - +250 ring of slaying
MPRegen  0.33/turn              q - +250 ring of slaying

@: paralysed, slowed, lost intelligence
A: claws 1, cold resistance 1, negative energy resistance 3, inhibited
regeneration, torment resistance, unbreathing
a: Renounce Religion, Minor Destruction, Lesser Servant of Makhleb, Major
Destruction, Greater Servant of Makhleb


You were in the Dungeon.
You worshipped Makhleb.
Makhleb was exalted by your worship.
You visited 1 branch

Inventory:

Hand Weapons
 a - a +0 war axe
 j - the +∞ Axe of Woe (weapon)
   (You found it in the Dungeon)
Missiles
 d - 3 throwing nets (quivered)
Armour
 b - a +0 leather armour (worn)
 c - a +0 helmet (worn)
Jewellery
 g - a +100 ring of slaying
 k - a +30 ring of slaying
 l - a +30 ring of slaying
 m - a +30 ring of slaying
 n - a +30 ring of slaying
 o - a +200 ring of slaying
 p - a +250 ring of slaying (left claw)
 q - a +250 ring of slaying (right claw)
 r - a +200 ring of slaying
 s - a +200 ring of slaying
 t - a +250 ring of slaying
 u - a +200 ring of slaying
 v - a +30 ring of slaying
 w - a +250 ring of slaying
 x - a +100 ring of slaying
 y - a +100 ring of slaying
 z - a +200 ring of slaying
Scrolls
 i - a scroll of blinking
Potions
 e - a potion of curing
 f - a potion of heal wounds
 h - 2 potions of magic


   Skills:
 O Level 27 Fighting
 O Level 27 Short Blades
 O Level 27 Long Blades
 O Level 27 Axes
 O Level 27 Maces & Flails
 O Level 27 Polearms
 O Level 27 Staves
 O Level 27 Slings
 O Level 27 Bows
 O Level 27 Crossbows
 O Level 27 Throwing
 O Level 27 Armour
 O Level 27 Dodging
 O Level 27 Stealth
 O Level 27 Shields
 O Level 27 Unarmed Combat
 O Level 27 Spellcasting
 O Level 27 Conjurations
 O Level 27 Hexes
 O Level 27 Summonings
 O Level 27 Necromancy
 O Level 27 Translocations
 O Level 27 Transmutations
 O Level 27 Fire Magic
 O Level 27 Ice Magic
 O Level 27 Air Magic
 O Level 27 Earth Magic
 O Level 27 Poison Magic
 O Level 27 Invocations
 O Level 27 Evocations


You had 80 spell levels left.
You didn't know any spells.
Your spell library was empty.

Dungeon Overview and Level Annotations

Branches:
Dungeon (1/1)

Altars:
Makhleb

Annotations:
D The Meatlord


Innate Abilities, Weirdness & Mutations

You thrive by killing the living.
You are immune to poison.
You have sharp fingernails.
Your flesh is cold resistant. (rC+)
You are immune to negative energy. (rN+++)
You do not regenerate when monsters are visible.
You are immune to unholy pain and torment.
You can survive without breathing.


Message History

You hear a shout!
The meat berserker hits you with a +9 battleaxe!!!
* * * LOW HITPOINT WARNING * * *
You hear a shout! x2
A meat beast comes into view.
You hear a shout! x2
A dread comes into view.
You hear a shout!
The bag of meat hits you but does no damage.
The meat berserker rages.
You hear a shout!
A fleshlord comes into view. It is wielding a +9 great mace.
The accursed points at you and mumbles some strange words.
Something smites you!
* * * LOW HITPOINT WARNING * * *
An eight-headed meat hydra comes into view.
You hear a shout! x2
The tentacled monstrosity tentacle-slaps you but does no damage. x2
The tentacled monstrosity tentacle-slaps you!
You die...

MD.W.1.....
1.D..1.DW
#.....o.# ..
#.....M.# .
...###... ...###..
....o..o###.......
#...op)D)_oOx.....
.....§#)MOpz#...
..... #_1X@X# ....
#))xOo#
#..2.O..._Lo.....
........###p.X.L.
...###... ..V###..
. #... .o.# . #...
.zO# ......p.. ..
..


You could see 2 accurseds, a tentacled monstrosity (summoned), a Tzitzimitl
(summoned), a meat beast (wandering, fast), 2 tyrants, 2 eight-headed meat
hydras, a destroyer, 4 fleshlords, 2 sculptors of flesh, a large bag of meat
(inner flame), 2 large abominations, a dread, 4 meat berserkers, 8 bags of meat
and 2 crawling corpses.

Vanquished Creatures
  15 hell knights (D)
  20 hell beasts (D)
  Edmund (D)
  6 royal mummies (D)
  7 great orbs of eyes (D)
  13 wraiths (D)
  16 vampire knights (D)
  52 ogres (D)
  11 two-headed ogres (D)
  7 liches (D)
  6 hydras (D)
  73 orcs (D)
  6 phantoms (D)
  11 skeletal warriors (D)
  5 sea snakes (D)
  12 large abominations (D)
  6 small abominations (D)
  13 crawling corpses (D)
280 creatures vanquished.

Vanquished Creatures (others)
  4 ball lightnings (D)
  7 crawling corpses (D)
11 creatures vanquished.

Grand Total: 291 creatures vanquished

Notes
Turn   | Place    | Note
-------+----------+-------------------------------------------
     0 | D        | Found the +∞ Axe of Woe
     0 | D        | Groucho the Ghoul Gladiator began the quest for the Orb.
     0 | D        | Reached XP level 1. HP: 17/17 MP: 0/0
     2 | D        | Noticed a bag of meat
     4 | D        | Became a worshipper of Makhleb the Destroyer
     5 | D        | Noticed a bag of meat
     6 | D        | Noticed a bag of meat
     6 | D        | Noticed a bag of meat
     9 | D        | Noticed a meat berserker
     9 | D        | Noticed a meat berserker
     9 | D        | Noticed a bag of meat
     9 | D        | Noticed a bag of meat
    10 | D        | Noticed a bag of meat
    10 | D        | Noticed a bag of meat
    10 | D        | Noticed a bag of meat
    12 | D        | Killed a meat berserker
    12 | D        | Killed a bag of meat
    12 | D        | Reached * piety under Makhleb
    13 | D        | Reached XP level 2. HP: 4/24 MP: 1/1
    13 | D        | Reached XP level 3. HP: 5/29 MP: 2/2
    13 | D        | Reached XP level 4. HP: 6/36 MP: 3/3
    13 | D        | Reached XP level 5. HP: 7/41 MP: 4/4
    13 | D        | Reached XP level 6. HP: 9/48 MP: 5/5
    13 | D        | Reached XP level 7. HP: 10/55 MP: 6/6
    13 | D        | Reached XP level 8. HP: 11/61 MP: 7/7
    13 | D        | Reached XP level 9. HP: 12/67 MP: 8/8
    13 | D        | Reached XP level 10. HP: 13/73 MP: 9/9
    13 | D        | Reached XP level 11. HP: 15/79 MP: 10/10
    13 | D        | Reached XP level 12. HP: 16/85 MP: 11/11
    13 | D        | Reached XP level 13. HP: 17/91 MP: 12/12
    13 | D        | Reached XP level 14. HP: 18/99 MP: 13/13
    13 | D        | Killed a bag of meat
    13 | D        | Killed a meat berserker
    14 | D        | Reached XP level 15. HP: 104/104 MP: 14/14
    14 | D        | Reached ** piety under Makhleb
    15 | D        | Reached skill level 27 in Axes
    15 | D        | Reached skill level 27 in Dodging
    15 | D        | Reached skill level 15 in Fighting
    15 | D        | Reached skill level 15 in Invocations
    15 | D        | Reached XP level 16. HP: 151/151 MP: 14/26
    15 | D        | Reached *** piety under Makhleb
    16 | D        | Reached XP level 17. HP: 166/166 MP: 14/29
    19 | D        | Noticed a meat berserker
    20 | D        | Noticed a large bag of meat
    20 | D        | Noticed a meat berserker
    22 | D        | Noticed a large bag of meat
    22 | D        | Noticed a meat berserker
    22 | D        | Noticed a meat berserker
    23 | D        | Noticed a meat berserker
    24 | D        | Killed a meat berserker
    24 | D        | Noticed a meat berserker
    25 | D        | Killed a large bag of meat
    25 | D        | Reached **** piety under Makhleb
    26 | D        | Reached skill level 27 in Fighting
    26 | D        | Reached skill level 27 in Invocations
    26 | D        | Reached XP level 18. HP: 111/200 MP: 16/34
    26 | D        | Killed a meat berserker
    26 | D        | Killed a large bag of meat
    26 | D        | Noticed a meat berserker
    26 | D        | Noticed a destroyer
    27 | D        | Reached XP level 19. HP: 170/207 MP: 16/35
    27 | D        | Noticed a large bag of meat
    27 | D        | Noticed a large bag of meat
    28 | D        | Noticed a meat berserker
    28 | D        | Noticed a large bag of meat
    29 | D        | Noticed a meat berserker
    29 | D        | Killed a meat berserker
    29 | D        | Reached ***** piety under Makhleb
    29 | D        | Killed a large bag of meat
    29 | D        | Killed a meat berserker
    30 | D        | Reached skill level 27 in Armour
    30 | D        | Reached skill level 27 in Unarmed Combat
    30 | D        | Reached XP level 20. HP: 173/216 MP: 16/36
    30 | D        | Reached XP level 21. HP: 180/224 MP: 16/37
    30 | D        | Killed a meat berserker
    31 | D        | Reached XP level 22. HP: 217/233 MP: 17/38
    31 | D        | Reached ****** piety under Makhleb
    32 | D        | Noticed a large bag of meat
    33 | D        | Reached skill level 27 in Maces & Flails
    33 | D        | Reached skill level 27 in Polearms
    33 | D        | Killed a large bag of meat
    33 | D        | Noticed a destroyer
    33 | D        | Noticed a large bag of meat
    34 | D        | Reached XP level 23. HP: 200/240 MP: 17/51
    35 | D        | Reached skill level 27 in Spellcasting
    35 | D        | Killed a large bag of meat
    35 | D        | Noticed a destroyer
    36 | D        | Reached XP level 24. HP: 202/249 MP: 18/53
    37 | D        | Killed a destroyer
    38 | D        | Reached XP level 25. HP: 244/257 MP: 18/53
    38 | D        | Killed a destroyer
    39 | D        | Reached skill level 27 in Staves
    39 | D        | Reached skill level 27 in Slings
    40 | D        | Reached XP level 26. HP: 245/266 MP: 18/53
    40 | D        | Noticed a destroyer
    41 | D        | Noticed a destroyer
    42 | D        | Killed a large bag of meat
    43 | D        | Reached skill level 27 in Throwing
    43 | D        | Reached skill level 27 in Stealth
    43 | D        | Killed a large bag of meat
    43 | D        | Noticed a destroyer
    44 | D        | Killed a destroyer
    45 | D        | Reached XP level 27. HP: 260/273 MP: 20/53
    47 | D        | Killed a destroyer
    48 | D        | Noticed a destroyer
    49 | D        | Reached skill level 27 in Short Blades
    49 | D        | Reached skill level 27 in Long Blades
    49 | D        | Killed a destroyer
    49 | D        | Noticed a tyrant
    52 | D        | Noticed an accursed
    54 | D        | Noticed a large bag of meat
    55 | D        | Killed a destroyer
    55 | D        | Killed a destroyer
    56 | D        | Reached skill level 27 in Bows
    56 | D        | Reached skill level 27 in Crossbows
    56 | D        | Reached skill level 15 in Conjurations
    56 | D        | Noticed an accursed
    57 | D        | Killed an accursed
    60 | D        | Reached skill level 27 in Shields
    63 | D        | Killed a large bag of meat
    64 | D        | Reached skill level 27 in Conjurations
    64 | D        | Reached skill level 15 in Hexes
    64 | D        | Killed a tyrant
    64 | D        | Noticed a large bag of meat
    64 | D        | Noticed a meat beast
    65 | D        | Noticed a dread
    67 | D        | Reached skill level 27 in Summonings
    67 | D        | Noticed an accursed
    68 | D        | Killed a meat beast
    69 | D        | Reached skill level 27 in Hexes
    69 | D        | Reached skill level 27 in Necromancy
    69 | D        | Noticed a tyrant
    70 | D        | Noticed a dread
    71 | D        | Reached skill level 27 in Translocations
    71 | D        | Reached skill level 5 in Transmutations
    71 | D        | Reached skill level 5 in Fire Magic
    71 | D        | Reached skill level 5 in Air Magic
    71 | D        | Reached skill level 5 in Evocations
    72 | D        | Reached skill level 10 in Poison Magic
    72 | D        | Killed a large bag of meat
    73 | D        | Reached skill level 15 in Ice Magic
    73 | D        | Reached skill level 15 in Earth Magic
    74 | D        | Killed an accursed
    74 | D        | Killed a dread
    80 | D        | Noticed a meat beast
    80 | D        | Noticed a meat beast
    82 | D        | Killed a meat beast
    83 | D        | Reached skill level 27 in Ice Magic
    83 | D        | Reached skill level 27 in Earth Magic
    84 | D        | Noticed a meat beast
    85 | D        | Killed a tyrant
    86 | D        | Reached skill level 27 in Poison Magic
    86 | D        | Killed a meat beast
    87 | D        | Reached skill level 27 in Transmutations
    87 | D        | Reached skill level 27 in Fire Magic
    87 | D        | Reached skill level 27 in Air Magic
    87 | D        | Reached skill level 27 in Evocations
    89 | D        | Killed an accursed
    90 | D        | Killed a meat beast
    92 | D        | Noticed a tyrant
    92 | D        | Noticed a destroyer
    94 | D        | Killed a tyrant
    94 | D        | Noticed a destroyer
    97 | D        | Noticed a meat beast
    99 | D        | Noticed a tyrant
    99 | D        | Killed a dread
   101 | D        | Killed a meat beast
   101 | D        | Killed a tyrant
   102 | D        | Noticed a destroyer
   102 | D        | Noticed a meat beast
   103 | D        | Killed a destroyer
   103 | D        | Noticed a meat beast
   105 | D        | Killed a destroyer
   106 | D        | Killed a meat beast
   106 | D        | Killed a meat beast
   108 | D        | Noticed a dread
   111 | D        | Noticed a meat beast
   111 | D        | Noticed a meat beast
   113 | D        | Noticed The Defiler
   114 | D        | Killed a meat beast
   114 | D        | Killed a dread
   115 | D        | Killed The Defiler
   121 | D        | Killed a meat beast
   124 | D        | Noticed a tyrant
   125 | D        | Noticed an accursed
   126 | D        | Noticed a fleshlord
   126 | D        | Noticed a fleshlord
   127 | D        | Noticed a destroyer
   127 | D        | Noticed a dread
   128 | D        | Noticed a fleshlord
   128 | D        | Noticed an accursed
   130 | D        | Noticed a meat beast
   131 | D        | Noticed an accursed
   131 | D        | Noticed a fleshlord
   133 | D        | Killed a destroyer
   133 | D        | Noticed a fleshlord
   134 | D        | Noticed a dread
   134 | D        | Noticed a fleshlord
   135 | D        | Noticed a large bag of meat
   136 | D        | Killed a tyrant
   136 | D        | Noticed a dread
   136 | D        | Noticed a fleshlord
   137 | D        | Killed a meat beast
   137 | D        | Noticed a destroyer
   138 | D        | Noticed a dread
   139 | D        | Killed a fleshlord
   139 | D        | Killed a dread
   139 | D        | Killed a fleshlord
   140 | D        | Killed a fleshlord
   140 | D        | Killed a fleshlord
   140 | D        | Killed a dread
   140 | D        | Noticed a meat beast
   141 | D        | Killed a fleshlord
   141 | D        | Killed a destroyer
   141 | D        | Killed a fleshlord
   141 | D        | Noticed a destroyer
   142 | D        | Killed a meat beast
   142 | D        | Killed a dread
   142 | D        | Killed an accursed
   142 | D        | Noticed a dread
   142 | D        | Noticed a fleshlord
   143 | D        | Killed an accursed
   144 | D        | Killed a destroyer
   144 | D        | Killed a large bag of meat
   146 | D        | Noticed a meat beast
   146 | D        | Noticed a fleshlord
   147 | D        | Noticed a meat beast
   147 | D        | Noticed a fleshlord
   147 | D        | Noticed a meat beast
   148 | D        | Killed a fleshlord
   149 | D        | Killed a dread
   149 | D        | Killed a fleshlord
   150 | D        | Killed a meat beast
   150 | D        | Noticed The Meatlord
   150 | D        | Noticed a fleshlord
   150 | D        | Noticed a meat beast
   150 | D        | Noticed a dread
   151 | D        | Noticed a dread
   151 | D        | Noticed a dread
   151 | D        | Noticed a tyrant
   151 | D        | Killed a meat beast
   152 | D        | Killed a fleshlord
   152 | D        | Killed a dread
   152 | D        | Noticed a dread
   153 | D        | Killed a meat beast
   153 | D        | Noticed a large bag of meat
   153 | D        | Noticed a meat beast
   154 | D        | Killed a meat beast
   154 | D        | Noticed a dread
   155 | D        | Killed a destroyer
   157 | D        | Killed a fleshlord
   157 | D        | Killed a dread
   158 | D        | Killed a fleshlord
   158 | D        | Noticed a fleshlord
   159 | D        | Killed a large bag of meat
   160 | D        | Noticed a tyrant
   160 | D        | Killed a meat beast
   161 | D        | Killed a dread
   161 | D        | Noticed a meat beast
   162 | D        | Noticed a fleshlord
   162 | D        | Noticed a meat beast
   163 | D        | Killed a dread
   163 | D        | Noticed a meat beast
   164 | D        | Killed a tyrant
   164 | D        | Killed a fleshlord
   164 | D        | Noticed a fleshlord
   165 | D        | Killed a meat beast
   165 | D        | Noticed a destroyer
   166 | D        | Killed a fleshlord
   166 | D        | Killed a tyrant
   167 | D        | Noticed a destroyer
   167 | D        | Noticed an accursed
   168 | D        | Killed a meat beast
   168 | D        | Noticed a fleshlord
   168 | D        | Noticed an accursed
   168 | D        | Noticed a dread
   169 | D        | Killed a meat beast
   169 | D        | Killed a destroyer
   170 | D        | Killed a fleshlord
   170 | D        | Noticed a destroyer
   172 | D        | Noticed a tyrant
   173 | D        | Killed a dread
   173 | D        | Killed a fleshlord
   173 | D        | Killed a destroyer
   173 | D        | Noticed a fleshlord
   174 | D        | Noticed a destroyer
   175 | D        | Noticed a meat beast
   175 | D        | Noticed a tyrant
   175 | D        | Noticed a fleshlord
   176 | D        | Killed a dread
   178 | D        | Killed a meat beast
   178 | D        | Killed an accursed
   178 | D        | Killed a destroyer
   178 | D        | Lost intelligence.
   179 | D        | Noticed a fleshlord
   180 | D        | Noticed a large bag of meat
   181 | D        | HP: 13/273 [meat berserker/+9 battleaxe (62)]
   181 | D        | Noticed a meat beast
   181 | D        | Noticed a dread
   181 | D        | Noticed a fleshlord
   181 | D        | HP: 6/273 [accursed/divine providence (7)]
   181 | D        | Slain by a tentacled monstrosity

Illustrated notes

Levels and vault maps discovered:
D:        meatsprint

Skill      XL: |  1  2  3  4  5  6  7  8  9 10 11 12 13 14 15 16 17 18 19 20 21 22 23 24 25 26 27 |
---------------+----------------------------------------------------------------------------------+-----
Axes           | 22 26 27 | 27.0
Dodging        | 22 26 27 | 27.0
Fighting       | 15 18 27 | 27.0
Invocations    | 15 18 27 | 27.0
Armour         | 4 18 27 | 27.0
Unarmed Combat | 6 21 27 | 27.0
Maces & Flails | 17 23 27 | 27.0
Polearms       | 17 23 27 | 27.0
Spellcasting   | 25 27 | 27.0
Staves         | 20 26 27 | 27.0
Slings         | 20 26 27 | 27.0
Throwing       | 21 27 | 27.0
Stealth        | 26 27 | 27.0
Short Blades   | 20 27 | 27.0
Long Blades    | 20 27 | 27.0
Bows           | 27 | 27.0
Crossbows      | 27 | 27.0
Shields        | 27 | 27.0
Conjurations   | 27 | 27.0
Hexes          | 27 | 27.0
Summonings     | 27 | 27.0
Necromancy     | 27 | 27.0
Translocations | 27 | 27.0
Transmutations | 27 | 27.0
Fire Magic     | 27 | 27.0
Ice Magic      | 27 | 27.0
Air Magic      | 27 | 27.0
Earth Magic    | 27 | 27.0
Poison Magic   | 27 | 27.0
Evocations     | 27 | 27.0

Action                   |  1- 3 |  4- 6 |  7- 9 | 10-12 | 13-15 | 16-18 | 19-21 | 22-24 | 25-27 || total
-------------------------+-------+-------+-------+-------+-------+-------+-------+-------+-------++-------
Melee: Executioner's axe |     1 |       |       |       |     2 |     4 |     3 |     7 |   108 ||   125
  Use: Potion            |       |       |       |       |       |       |       |       |     1 ||     1
Armor: Leather armour    |       |       |       |       |       |       |       |       |     7 ||     7
Dodge: Dodged            |       |       |       |       |       |       |       |       |    26 ||    26
